 Dungeon Crawl Stone Soup version 0.26-a0-146-g24f6d3962c (webtiles) character file.

Game seed: 6681684024866901242

4548 Hastur the Covert (level 10, 0/71 HPs)
             Began as a Halfling Assassin on June 29, 2020.
             Was a Follower of Uskayaw.
             Slain by a two-headed ogre
             ... wielding a +0 giant club
              (20 damage)
             ... on level 8 of the Dungeon.
             The game lasted 00:37:38 (12673 turns).

Hastur the Covert (Halfling Assassin)              Turns: 12673, Time: 00:37:39

Health: 0/71       AC:  8    Str: 12    XL:     10   Next: 67%
Magic:  13/13      EV: 18    Int: 18    God:    Uskayaw [*.....]
Gold:   547        SH:  5    Dex: 17    Spells: 9/9 levels left

rFire    . . .     SeeInvis .   a - +0 dagger (venom)
rCold    . . .     Faith    .   (shield restricted)
rNeg     . . .     Spirit   .   n - +0 ring mail
rPois    .         Reflect  +   (no helmet)
rElec    .         Harm     .   q - +2 cloak {MR+}
rCorr    .                      (no gloves)
MR       +....                  (no boots)
Stlth    ++++......             C - amulet of reflection
HPRegen  0.21/turn              t - +6 ring of intelligence
MPRegen  0.13/turn              y - +4 ring of slaying

@: no status effects
A: small, mutation resistance 1
a: Stomp, Renounce Religion


You were on level 8 of the Dungeon.
You worshipped Uskayaw.
Uskayaw was noncommittal.
You were not hungry.

You visited 2 branches of the dungeon, and saw 10 of its levels.
You also visited: Ossuary.

You collected 547 gold pieces.

Inventory:

Hand Weapons
 a - a +0 dagger of venom (weapon)
 b - a +1 hunting sling
 l - a +5 dagger
Missiles
 d - 56 poisoned darts (quivered)
 e - a curare-tipped dart
 h - 216 stones
 x - 9 sling bullets
Armour
 n - a +0 ring mail (worn)
 q - a +2 cloak of magic resistance (worn)
 D - the +11 chain mail of Hiw Ryil {Str-5 Dex+9, unknown}
   (You found it on level 8 of the Dungeon)

   It affects your strength (-5).
   It affects your dexterity (+9).
Jewellery
 t - a +6 ring of intelligence (left hand)
 y - a +4 ring of slaying (right hand)
 C - an amulet of reflection (around neck)
Wands
 F - a wand of clouds (8)
Scrolls
 g - 2 scrolls of enchant armour
 m - a scroll of fear
 o - a scroll of noise
 s - 2 scrolls of identify
 u - a scroll of enchant weapon
 w - a scroll of amnesia {unknown}
 B - 2 scrolls of magic mapping
 E - a scroll of remove curse
Potions
 c - 2 potions of haste
 i - 2 potions of mutation
 j - 6 potions of flight
 k - a potion of magic
 p - 2 potions of stabbing
 v - 2 potions of invisibility
 z - 3 potions of curing
 A - a potion of cancellation
Comestibles
 f - 6 rations
 G - 4 chunks of flesh


   Skills:
 + Level 7.0 Fighting
 - Level 2.4 Short Blades
 + Level 9.4(9.6) Slings
 - Level 2.0(4.6) Throwing
 + Level 7.7 Dodging
 + Level 10.0 Stealth
 + Level 4.1 Invocations


You had 9 spell levels left.
You didn't know any spells.
Your spell library contained the following spells:

 Spells                   Type           Power        Failure   Level  Hunger
 Beastly Appendage        Tmut           #.....       45%         1    ##.....
 Summon Small Mammal      Summ           #...         45%         1    ##.....
 Call Imp                 Summ           #.......     58%         2    ###....
 Sticks to Snakes         Tmut           #.......     58%         2    ###....
 Call Canine Familiar     Summ           #.......     83%         3    ####...
 Spider Form              Tmut/Pois      #.........   83%         3    ####...
 Summon Guardian Golem    Hex/Summ       #.......     83%         3    ####...
 Ice Form                 Ice/Tmut       #.......     99%         4    #####..
 Summon Ice Beast         Ice/Summ       #.......     99%         4    #####..
 Summon Lightning Spire   Summ/Air       #.......     99%         4    #####..
 Blade Hands              Tmut           #.........   100%        5    ######.


Dungeon Overview and Level Annotations

Branches:
Dungeon (9/15)             Temple (1/1) D:7         Ossuary (visited)
   Lair: D:8-11         Orc: D:9-12

Altars:
Ashenzari
Cheibriados
Dithmenos
Elyvilon
Fedhas
Gozag
Hepliaklqana
Kikubaaqudgha
Makhleb
Nemelex Xobeh
Okawaru
Qazlal
Ru
Sif Muna
Trog
Uskayaw
Vehumet
Wu Jian
Xom
Yredelemnul
Zin
The Shining One

Shops:
D:4 *

Annotations:
D:7 exclusion: hippogriff
D:8 1 runed translucent door, Gastronok; astraldaughter's ghost, journeyman FoHu


Innate Abilities, Weirdness & Mutations

You are small and have problems with some larger weapons.
You are somewhat resistant to further mutation.


Message History

You block the wyvern's attack. The wyvern bites you!
The wyvern closely misses you.
You barely miss the wyvern.
The wyvern is almost dead.
You block the wyvern's attack.
You hit the wyvern.
You kill the wyvern!
Your Stealth skill increases to level 10!
The orc wizard casts a spell.
The orc wizard seems to speed up.
There is a stone staircase leading up here.
The two-headed ogre barely misses you. You block the two-headed ogre's attack.
You climb upwards.
Level annotation: 1 runed translucent door, Gastronok; astraldaughter's ghost, journeyman FoHu
There is a stone staircase leading down here.
The two-headed ogre hits you with a +0 giant club!
* * * LOW HITPOINT WARNING * * *
The two-headed ogre hits you with a +0 giant club!!
You die...

.#....#.######.#.# #..#.#
.'....'###..w....# #..#.#
.#....##)#.###.#.# #..#.#
#######.W+..##.#.# #..#.#
##(#.....#.###..#.#######
####.#####..##..#..†....#
#.#.#....#[.##..#######.#
#.#.#'##+#..##........#.#
#.#...|<..@O.##.#####.#.#
#.#........#.##[# #...#.#
#.#........#.##.# #.###.#
#.#.......##..#.# #.# #.#
#.#.........#.#.# #.# #.#
##'#.#+#'#...#...# #.#
#.# #......#.#...##.[#
#.# #.#
#....###.#...##..###.#
#.#
#....'..)#...##......#
#.#


You could see a two-headed ogre.

Vanquished Creatures
  Harold (D:9)
  3 yaks
  A wyvern (D:9)
  A wraith (D:9)
  A hungry ghost (D:7)
  Edmund (D:5)
  2 orc warriors
  2 sky beasts
  An ice beast (D:7)
  A black bear (D:7)
  4 ogres
  3 centaurs
  A big kobold (D:8)
  2 bullfrogs
  2 scorpions
  2 jellies
  3 howler monkeys (D:9)
  7 crimson imps
  A bullfrog zombie (D:7)
  2 centaur zombies
  3 orc priests
  6 orc wizards
  2 bullfrog skeletons (D:4)
  Jessica (D:3)
  7 worker ants
  2 big kobold zombies (Ossuary)
  A hound zombie (D:6)
  2 mummies (Ossuary)
  8 gnolls
  14 adders
  3 shadow imps
  An ooze (D:2)
  An adder zombie (D:3)
  5 worms
  3 dart slugs (D:3)
  5 leopard geckos
  33 orcs
  6 bats
  7 giant cockroaches
  A gnoll zombie (Ossuary)
  6 goblins
  5 hobgoblins
  2 quokkas
  2 ball pythons
  4 frilled lizards
  3 goblin zombies (Ossuary)
  10 kobolds
  8 orc zombies (Ossuary)
  5 rats
197 creatures vanquished.

Notes
Turn   | Place    | Note
-------+----------+-------------------------------------------
     0 | D:1      | Hastur the Halfling Assassin began the quest for the Orb.
     0 | D:1      | Reached XP level 1. HP: 14/14 MP: 1/1
   583 | D:1      | Reached XP level 2. HP: 19/19 MP: 2/2
  1077 | D:2      | Reached XP level 3. HP: 25/25 MP: 3/3
  1119 | D:2      | Reached skill level 5 in Stealth
  1466 | D:2      | Reached XP level 4. HP: 30/30 MP: 4/4
  1938 | D:3      | Reached XP level 5. HP: 29/36 MP: 5/5
  2889 | D:3      | Reached skill level 1 in Slings
  2905 | D:3      | Noticed Jessica
  2912 | D:3      | Killed Jessica
  2912 | D:3      | Reached skill level 6 in Stealth
  2912 | D:3      | Reached XP level 6. HP: 42/42 MP: 6/6
  4046 | D:4      | Reached XP level 7. HP: 21/47 MP: 7/7
  5216 | D:4      | Found Dyukiosk's Mayhem Merchandise.
  5387 | D:4      | Found an ancient bone altar of Kikubaaqudgha.
  5521 | D:5      | Entered Level 5 of the Dungeon
  5553 | D:5      | Reached skill level 7 in Stealth
  5730 | D:5      | Reached XP level 8. HP: 53/54 MP: 8/8
  5738 | D:5      | Noticed Edmund
  6202 | D:5      | Killed Edmund
  6202 | D:5      | Reached skill level 5 in Slings
  6319 | D:5      | Reached skill level 5 in Fighting
  6319 | D:5      | Reached skill level 5 in Dodging
  7478 | D:6      | Found a sand-covered staircase.
  7483 | Ossuary  | Entered an ossuary
  7709 | Ossuary  | Reached skill level 8 in Stealth
  7979 | D:6      | Reached XP level 9. HP: 58/61 MP: 9/9
  8246 | D:6      | Found a radiant altar of Vehumet.
  8644 | D:7      | Noticed a hippogriff
  9308 | D:7      | Found a staircase to the Ecumenical Temple.
  9505 | Temple   | Entered the Ecumenical Temple
  9608 | Temple   | Became a worshipper of Uskayaw the Reveler
  9627 | D:7      | Reached * piety under Uskayaw
  9776 | D:7      | Reached ** piety under Uskayaw
 10061 | D:8      | Reached skill level 1 in Invocations
 10189 | D:7      | Reached skill level 9 in Stealth
 10413 | D:8      | Found a runed translucent door.
 10413 | D:8      | Found a shimmering altar of Xom.
 10413 | D:8      | Noticed a +0 rapier of chaos
 10413 | D:8      | Noticed astraldaughter's ghost (journeyman FoHu)
 10425 | D:8      | Noticed Gastronok
 10957 | D:8      | Reached *** piety under Uskayaw
 11091 | D:8      | Reached XP level 10. HP: 6/69 MP: 11/11
 11546 | D:8      | Got a crude chain mail
 11823 | D:9      | Noticed a deep elf mage
 12524 | D:9      | Noticed Harold
 12555 | D:9      | Killed Harold
 12613 | D:9      | Noticed a two-headed ogre
 12648 | D:9      | Reached skill level 10 in Stealth
 12673 | D:8      | Slain by a two-headed ogre

Illustrated notes

Levels and vault maps discovered:
D:1:      minmay_arrival_nine_rooms, layout_basic
D:2:      layout_rooms, first_ration, kennysheep_cross_bottleneck
D:3:      layout_rooms, serial_co_window_serial, co_window_of_opportunity_a,
          co_window_paths_b, co_window_paths_a, co_window_corner_a,
          co_window_paths_a, co_window_unsneaky_path_d,
          co_window_unsneaky_path_d, co_window_corner_b, co_window_paths_d,
          co_window_4corner_b, glass_columns_a, glass_columns_c,
          glass_columns_c, uniq_jessica
D:4:      layout_gridville, marbit_many_paths, minmay_shop_mayhem
D:5:      layout_layer_cave, kennysheep_generic_room_6, uniq_edmund
D:6:      layout_loops_ring, basic_altar, enter_ossuary_5
D:7:      layout_loops_ring, minmay_temple_entry_glassed_door,
          grunt_decor_mini_mirrors
D:8:      layout_basic, ebering_ghost_xom, uniq_gastronok
D:9:      layout_loops_ring, erik_orc_2, uniq_harold
Temple:   compressed_dpeg_circular_temple

Skill      XL: |  1  2  3  4  5  6  7  8  9 10 |
---------------+-------------------------------+-----
Fighting       | 2 3 4 5 6 7 |  7.0
Stealth        | 5 6 7 8 9 10 | 10.0
Dodging        | 2 3 4 5 6 7 |  7.7
Slings         | 1 2 4 6 8 9 |  9.4
Invocations    | 2 4 |  4.1
Short Blades   | |  2.4
Throwing       | |  2.0

Action                   |  1- 3 |  4- 6 |  7- 9 | 10-12 || total
-------------------------+-------+-------+-------+-------++-------
Melee: Dagger            |    96 |   138 |   155 |   128 ||   517
       Hunting sling     |       |       |     3 |       ||     3
 Fire: Hunting sling     |       |   133 |   723 |       ||   856
Throw: Dart              |       |     5 |    40 |     2 ||    47
Invok: Stomp             |       |       |     8 |     2 ||    10
  Use: Scroll            |     1 |     2 |    11 |       ||    14
       Potion            |       |     3 |       |     2 ||     5
 Stab: Sleeping          |     5 |     4 |     3 |     1 ||    13
       Paralysed         |       |       |     1 |     1 ||     2
       Distracted        |       |       |       |     1 ||     1
  Eat: Chunk             |     2 |     8 |    10 |       ||    20
       Ration            |       |       |     4 |     2 ||     6
Armor: Robe              |     4 |       |       |       ||     4
       Ring mail         |    22 |    61 |   140 |    14 ||   237
Dodge: Dodged            |    57 |   111 |   297 |    65 ||   530
Block: Other             |       |       |       |    20 ||    20
       Reflection        |       |       |       |     3 ||     3

Table legend:
 A = Non-vault XP
 B = Vault XP
 C = Vault XP percentage of total XP
 D = Non-vault monster count
 E = Vault monster count
 F = Vault count percentage of total count
                 A         B        C        D         E       F
            +---------+---------+-------+---------+---------+-------
      Total |    4955 |    1543 |  23.7 |     175 |      22 |  11.2
            +---------+---------+-------+---------+---------+-------
        D:1 |      16 |       0 |   0.0 |       9 |       0 |   0.0
        D:2 |      67 |       0 |   0.0 |      15 |       0 |   0.0
        D:3 |     189 |      37 |  16.4 |      34 |       1 |   2.9
        D:4 |     603 |     124 |  17.1 |      28 |       2 |   6.7
        D:5 |     621 |     169 |  21.4 |      10 |       1 |   9.1
        D:6 |     139 |       0 |   0.0 |       8 |       0 |   0.0
        D:7 |    1194 |       0 |   0.0 |      29 |       0 |   0.0
        D:8 |     917 |       0 |   0.0 |      31 |       0 |   0.0
        D:9 |    1209 |    1117 |  48.0 |      11 |       2 |  15.4
    Ossuary |       0 |      96 | 100.0 |       0 |      16 | 100.0
            +---------+---------+-------+---------+---------+-------
